AoeStats
← Darchness

Oasis

509920569Analyzed
4v4 RM · 3d ago on Sep 28, 2026· 31m 32s· 8 players
Game mode
Random Map
Map size
Large (8 player)
Population
200
Speed
Normal
Resources
Standard
Victory
Conquest
Starting age
Dark Age
Ending age
Imperial Age
RankedLock teamsTeams togetherTeam positionsShared explorationLock speedFull tech treeHidden civsTurbo modeCheats
Victory
Defeat
🇹🇷 Gurjaras · Türkiye
1073
+16
🇹🇷 Cumans · Türkiye
1073
+16
🇹🇷 Spanish · Türkiye
1058
+17
🇹🇷 Armenians · Türkiye
870
+24
🇨🇿 Britons · Czechia
1120
-20
🇦🇺 Varangians · Australia
1074
-19
🇲🇽 Sicilians · Mexico
1070
-18
🇩🇪 Spanish · Germany
1001
-16
Darchness
1:11 Loom
9:47 Feudal Age
10:17 Double-Bit Axe
14:19 Fletching
15:11 Padded Archer Armor
20:50 Castle Age
21:33 Forging
21:23 Scale Mail Armor
21:30 Horse Collar
22:08 Crossbowman
27:07 Bodkin Arrow
morewinemoreshine
3:46 Loom
10:30 Feudal Age
11:26 Double-Bit Axe
11:42 Horse Collar
16:51 Castle Age
15:24 Stone Mining
18:49 Bow Saw
25:21 Wheelbarrow
24:42 Gold Mining
27:01 Husbandry
27:12 Bloodlines
27:40 Fletching
31:54 Imperial Age
30:37 Hand Cart
31:18 Scale Barding Armor
31:26 Forging
PMar
8:57 Loom
12:31 Feudal Age
12:35 Man-at-Arms
14:54 Double-Bit Axe
14:52 Horse Collar
16:30 Forging
16:21 Scale Mail Armor
18:46 Arson
20:04 Wheelbarrow
24:28 Castle Age
23:28 Scale Barding Armor
23:36 Bloodlines
25:17 Husbandry
25:52 Chain Barding Armor
25:32 Gold Mining
27:13 Heavy Plow
27:27 Bow Saw
31:28 Iron Casting
glitter
2:58 Loom
12:49 Feudal Age
13:15 Double-Bit Axe
13:18 Town Watch
15:10 Wheelbarrow
16:03 Horse Collar
23:04 Castle Age
22:38 Stone Mining
25:48 Fletching
(DB) Eydur
14:02 Feudal Age
15:42 Double-Bit Axe
15:50 Gold Mining
15:34 Man-at-Arms
19:47 Castle Age
19:15 Loom
20:14 Elite Skirmisher
20:36 Long Swordsman
26:32 Forging
28:38 Pikeman
30:06 Squires
(DB) sendur
11:36 Feudal Age
16:17 Castle Age
21:45 Horse Collar
21:58 Double-Bit Axe
23:11 Scale Barding Armor
(DB) Ezdur
2:59 Loom
12:42 Feudal Age
13:24 Double-Bit Axe
13:21 Horse Collar
20:37 Castle Age
20:06 Gold Mining
23:15 Wheelbarrow
22:52 Bow Saw
27:14 Fletching
29:11 Heavy Plow
30:30 Bloodlines
30:20 Husbandry
30:27 Scale Barding Armor
PatriotTURK
2:14 Loom
10:46 Feudal Age
11:45 Horse Collar
11:53 Double-Bit Axe
14:11 Man-at-Arms
17:40 Long Swordsman
23:44 Arson
26:09 Scale Mail Armor
26:19 Forging
28:38 Pikeman
Connection lost

Rejoining the realm…

Still unreachable

The connection could not be restored.

Session expired

The server has moved on; the page needs a fresh start.